AoeStats
← Comend x comend

Black Forest

509461767Analyzed
4v4 RM · 4d ago on Sep 26, 2026· 41m 57s· 8 players
Game mode
Random Map
Map size
Large (8 player)
Population
200
Speed
Normal
Resources
Standard
Victory
Conquest
Starting age
Dark Age
Ending age
Imperial Age
RankedLock teamsTeams togetherTeam positionsShared explorationLock speedFull tech treeHidden civsTurbo modeCheats
Victory
Defeat
🇨🇳 Bulgarians · China
1364
+12
🇵🇪 Turks · Peru
1356
+13
🇬🇧 Khmer · United Kingdom
1245
+17
🇹🇼 Poles · Taiwan
1237
+17
🇳🇴 Italians · Norway
1315
-17
🇵🇹 Sicilians · Portugal
1276
-15
🇵🇱 Mongols · Poland
1266
-14
🇹🇷 Hindustanis · Türkiye
1241
-13
KRYPTAERNN
0:27 Loom
12:18 Feudal Age
20:07 Castle Age
18:04 Double-Bit Axe
18:47 Horse Collar
21:26 Bow Saw
23:32 Fletching
23:29 Elite Skirmisher
30:51 Ballistics
33:08 Wheelbarrow
38:39 Padded Archer Armor
38:37 Bodkin Arrow
Massarock
1:55 Loom
11:22 Feudal Age
12:33 Double-Bit Axe
12:31 Horse Collar
13:23 Stone Mining
13:39 Fletching
14:21 Scale Mail Armor
14:59 Forging
15:30 Town Watch
15:31 Horse Collar
24:48 Wheelbarrow
29:05 Castle Age
30:50 Bow Saw
30:42 Heavy Plow
30:40 Gold Mining
33:48 Imperial Age
32:19 Gold Shaft Mining
32:53 Chain Mail Armor
32:32 Pikeman
35:03 Crop Rotation
35:21 Hand Cart
36:55 Elite Serjeant
38:17 Plate Mail Armor
41:16 Iron Casting
40:47 Halberdier
smyracula
8:25 Loom
11:29 Feudal Age
16:15 Castle Age
15:13 Double-Bit Axe
15:35 Stone Mining
27:04 Bow Saw
28:15 Gold Mining
29:06 Wheelbarrow
30:16 Horse Collar
31:22 Heavy Plow
34:59 Imperial Age
32:53 Hand Cart
34:10 Scale Barding Armor
34:16 Forging
35:52 Chain Barding Armor
36:30 Gold Shaft Mining
35:20 Heavy Camel Rider
37:57 Plate Barding Armor
37:16 Light Cavalry
38:06 Bloodlines
38:34 Iron Casting
38:04 Husbandry
38:58 Conscription
39:40 Ballistics
39:12 Hussar
40:02 Imperial Camel Rider
42:08 Blast Furnace
IlikeStone
7:35 Loom
12:26 Feudal Age
15:55 Castle Age
14:13 Horse Collar
17:31 Double-Bit Axe
21:12 Bow Saw
28:45 Imperial Age
26:55 Gold Mining
27:40 Fletching
27:50 Padded Archer Armor
28:10 Husbandry
28:42 Ballistics
28:27 Bodkin Arrow
31:53 Bloodlines
32:47 Chemistry
32:19 Conscription
33:01 Bracer
33:16 Leather Archer Armor
33:00 Light Cavalry
36:08 Hussar
Red
0:27 Loom
12:12 Feudal Age
15:10 Horse Collar
18:00 Castle Age
16:11 Double-Bit Axe
20:11 Stone Mining
21:08 Wheelbarrow
23:56 Light Cavalry
24:47 Bloodlines
25:40 Gold Mining
26:00 Heavy Plow
27:11 Szlachta Privileges
27:38 Husbandry
27:54 Scale Barding Armor
28:00 Forging
28:19 Light Cavalry
30:06 Hand Cart
32:28 Chain Barding Armor
35:03 Imperial Age
33:24 Iron Casting
34:25 Herbal Medicine
34:52 Sanctity
34:44 Fervor
36:16 Crop Rotation
35:09 Cavalier
35:11 Winged Hussar
36:14 Conscription
36:54 Treadmill Crane
38:26 Blast Furnace
40:29 Crossbowman
41:15 Thumb Ring
41:01 Fletching
41:12 Padded Archer Armor
42:18 Stone Shaft Mining
41:37 Arbalester
42:13 Bodkin Arrow
42:34 Leather Archer Armor
43:31 Chemistry
Comend x comend
13:10 Feudal Age
17:03 Castle Age
22:22 Imperial Age
shinyorb
4:56 Loom
10:49 Feudal Age
14:34 Castle Age
15:04 Forging
15:32 Scale Barding Armor
22:21 Double-Bit Axe
23:04 Horse Collar
25:48 Heavy Plow
29:04 Bow Saw
31:14 Wheelbarrow
34:10 Imperial Age
33:05 Hand Cart
33:14 Chain Barding Armor
33:32 Iron Casting
33:16 Bloodlines
33:06 Husbandry
33:00 Town Watch
33:16 Gold Mining
33:19 Stone Mining
33:36 Fletching
34:52 Gold Shaft Mining
33:42 Light Cavalry
35:35 Plate Barding Armor
36:01 Blast Furnace
35:14 Stirrups
35:40 Conscription
34:44 Hussar
36:03 Crop Rotation
36:08 Bodkin Arrow
37:04 Bracer
37:17 Siege Engineers
37:58 Caravan
39:09 Chemistry
37:50 Capped Ram
38:02 Heavy Scorpion
39:11 Capped Ram
40:42 Scale Mail Armor
40:42 Padded Archer Armor
41:07 Ballistics
40:37 Guard Tower
40:58 Siege Ram
41:58 Gambesons
41:59 Arson
42:34 Leather Archer Armor
42:34 Chain Mail Armor
42:23 Squires
Melting Snowball
0:27 Loom
10:29 Feudal Age
13:41 Castle Age
26:09 Double-Bit Axe
27:53 Horse Collar
28:33 Bow Saw
30:06 Wheelbarrow
31:31 Hand Cart
31:28 Stone Mining
31:45 Gold Mining
36:32 Imperial Age
35:38 Heavy Plow
36:31 Ballistics
37:50 Double Crossbow
38:09 Siege Engineers
39:22 Heavy Scorpion
Connection lost

Rejoining the realm…

Still unreachable

The connection could not be restored.

Session expired

The server has moved on; the page needs a fresh start.